 Dungeon Crawl Stone Soup version 0.17-a0-1718-g72dbe4d (webtiles) character file.

254 Gargoyl the Skirmisher (level 5, -1/42 HPs)
             Began as a Demonspawn Abyssal Knight on Aug 25, 2015.
             Was a Believer of Lugonu.
             Killed by a spatial distortion (3 damage)
             ... on level 4 of the Dungeon.
             The game lasted 00:08:33 (4082 turns).

Gargoyl the Skirmisher (Demonspawn Abyssal Knight)  Turns: 4082, Time: 00:08:33

Health: -1/42      AC:  6    Str: 13    XL:     5   Next: 91%
Magic:  7/7        EV: 12    Int: 19    God:    Lugonu [**....]
Gold:   119        SH:  0    Dex: 14    Spells: 0 memorised, 4 levels left

rFire  + . .     SeeInvis .     m - -2 war axe (curse)
rCold  + . .     Clarity  .     o - +0 ring mail
rNeg   . . .     SustAt   .     (no shield)
rPois  +         Gourm    .     (helmet restricted)
rElec  +         Spirit   .     (no cloak)
rCorr  +         Warding  .     (no gloves)
rMut   .         Stasis   .     c - +0 pair of boots
MR     .....                    (no amulet)
Stlth  ++........               (no ring)
                                (no ring)

@: brilliant, resistant, very slightly contaminated, invisible (expiring), not
resistant to hostile enchantments, unstealthy
A: horns 2, thin skeletal structure 1
a: Depart the Abyss, Bend Space, Renounce Religion


You were on level 4 of the Dungeon.
You worshipped Lugonu.
Lugonu was pleased with you.
You were very hungry.

You visited 1 branch of the dungeon, and saw 5 of its levels.
You visited the Abyss 1 time.

You collected 119 gold pieces.

Inventory:

Hand weapons
 a - a +1 hand axe
 m - a cursed -2 war axe (weapon)
Armour
 c - a +0 pair of boots (worn)
 o - a +0 ring mail (worn)
Magical devices
 d - a wand of lightning (7)
Scrolls
 f - 2 scrolls of blinking
 g - a scroll of fear
 h - 2 scrolls of identify
 j - 2 scrolls of teleportation
Potions
 n - a potion of invisibility


   Skills:
 + Level 4.0 Fighting
 + Level 2.6 Axes
 + Level 2.8 Armour
 + Level 3.2 Dodging
 + Level 1.0 Stealth
 + Level 3.0 Invocations


You had 4 spell levels left.
You didn't know any spells.

Dungeon Overview and Level Annotations

Branches:
Dungeon (5/15)
 Temple: D:4-7

Altars:
Makhleb
Ru
Trog
Vehumet
Xom

Annotations:
D:4 Chihiro's ghost, average MiBe


Innate Abilities, Weirdness & Mutations

You have a pair of horns on your head.
You have a somewhat thin skeletal structure (Dex +2, Stealth).


Message History

Chihiro's ghost hits you but does no damage.
You hit Chihiro's ghost but do no damage.
Chihiro's ghost is moderately damaged.
Chihiro's ghost yells, "Who would have thought, even in death it is a pleasure to sever!"
Chihiro's ghost hits you.
* * * LOW HITPOINT WARNING * * *
You strike the helpless Chihiro's ghost from behind!
You hit Chihiro's ghost but do no damage.
Chihiro's ghost is moderately damaged.
You feel less woody.
Your +0 pair of boots unmelds from your body.
Your +0 ring mail unmelds from your body.
Chihiro's ghost hits you but does no damage.
You closely miss Chihiro's ghost. Your headbutt misses Chihiro's ghost.
Chihiro's ghost is moderately damaged.
You flicker for a moment.
Chihiro's ghost misses you. Chihiro's ghost completely misses you.
Use which ability? (? or * to list) Space bends around you!
You blink.
You die...

.# # #.# .#
#.## ##.#
#..## ##..#
#...#...#
#......#
#...$.######
#@....W§..##
#....###...#
...### ##..#
...## ##.#
...## #..#
#### ##.##
##.## ###.##
##(.##


You could see Chihiro's ghost.

Vanquished Creatures
  A hound (D:2)
  An orc priest (D:3)
  2 orc wizards (D:3)
  5 adders
  A worm (D:2)
  4 giant geckos
  4 orcs (D:3)
  2 giant cockroaches
  12 hobgoblins
  11 jackals (D:2)
  6 bats
  5 giant newts
  8 goblins
  5 kobolds
  A quokka (D:2)
  10 rats
78 creatures vanquished.

Vanquished Creatures (others)
  2 starspawn tentacles (Abyss:1)
2 creatures vanquished.

Grand Total: 80 creatures vanquished

Notes
Turn   | Place    | Note
--------------------------------------------------------------
     0 | Abyss:1  | Gargoyl the Demonspawn Abyssal Knight began the quest for the Orb.
     0 | Abyss:1  | Reached XP level 1. HP: 18/18 MP: 2/2
    33 | Abyss:1  | Noticed a tentacled starspawn
    41 | Abyss:1  | Noticed a large abomination
    42 | Abyss:1  | Noticed an ancient zyme
    47 | D:1      | Escaped the Abyss
   401 | D:1      | Acquired Lugonu's first power
   500 | D:1      | Gained mutation: You have a pair of small horns on your head. [demonic ancestry]
   500 | D:1      | Reached XP level 2. HP: 17/24 MP: 3/3
   998 | D:1      | Reached skill level 1 in Dodging
  1262 | D:2      | Found a sacrificial altar of Ru.
  1282 | D:2      | Gained mutation: You have a somewhat thin skeletal structure (Dex +2, Stealth). [demonic ancestry]
  1282 | D:2      | Reached XP level 3. HP: 15/29 MP: 4/4
  1763 | D:2      | Found a burning altar of Makhleb.
  1770 | D:2      | Reached XP level 4. HP: 25/37 MP: 6/6
  2062 | D:2      | Acquired Lugonu's second power
  2225 | D:2      | Found a shimmering altar of Xom.
  2228 | D:2      | Found a radiant altar of Vehumet.
  2905 | D:3      | Gained mutation: You have a pair of horns on your head. [demonic ancestry]
  2905 | D:3      | Reached XP level 5. HP: 34/42 MP: 7/7
  3145 | D:3      | You fall through a shaft for 2 floors!
  3145 | D:5      | Entered Level 5 of the Dungeon
  3343 | D:3      | Reached skill level 4 in Fighting
  3343 | D:3      | Reached skill level 1 in Stealth
  3715 | D:3      | Found a bloodstained altar of Trog.
  4047 | D:4      | Noticed Chihiro's ghost (average MiBe)
  4079 | D:4      | HP: 2/63 [Chihiro's ghost (5)]
  4082 | D:4      | Killed by a spatial distortion

Vault maps used:
D:1:      lemuel_arrival_lava_pool
D:2:      makhleb_blood_cavern_becter, grunt_temple_overflow_open,
          lemuel_doored_altar, hangedman_decor_slide_cut
D:3:      lemuel_coloured_pillars_altar
D:4:      uniq_eustachio
D:5:      kennysheep_six_static_rooms, yredelemnul_altar_generic, first_bread,
          nicolae_ossuary_entry_ruins

Action                   |  1- 3 |  4- 6 || total
-------------------------+-------+-------++-------
Melee: Hand axe          |    83 |   101 ||   184
       War axe           |       |    50 ||    50
Invok: Depart the Abyss  |     1 |       ||     1
  Use: Potion            |       |     5 ||     5
       Scroll            |       |     4 ||     4
 Stab: Distracted        |       |     1 ||     1
       Invisible         |       |     3 ||     3
       Sleeping          |       |     1 ||     1
  Eat: Fruit             |     1 |     3 ||     4
       Bread ration      |     1 |       ||     1
       Pizza             |       |     1 ||     1
